 Dungeon Crawl Stone Soup version 0.18-a0-1045-g4e042de (webtiles) character file.

1421 Ijustatesigmund the Schismatic (level 8, 0/64 HPs)
             Began as a Demonspawn Abyssal Knight on Jan 11, 2016.
             Was an Elder of Lugonu.
             Slain by an orc warrior
             ... wielding a +0 scimitar
              (15 damage)
             ... on level 7 of the Dungeon.
             The game lasted 00:14:37 (6102 turns).

Ijustatesigmund the Schismatic (DsAK)               Turns: 6102, Time: 00:14:38

Health: 0/64       AC: 12    Str: 13    XL:     8   Next: 44%
Magic:  13/13      EV:  6    Int: 13    God:    Lugonu [****..]
Gold:   165        SH:  0    Dex: 15    Spells: 0 memorised, 7 levels left

rFire  . . .     SeeInvis .     a - +2 mace
rCold  . . .     Gourm    .     u - +3 chain mail {MR+}
rNeg   . . .     Faith    .     (no shield)
rPois  +         Spirit   .     (helmet restricted)
rElec  .         Dismiss  .     (no cloak)
rCorr  .         Reflect  .     (no gloves)
SustAt .         Harm     .     (no boots)
MR     +....                    i - amulet of inaccuracy (curse)
Stlth  ..........               m - ring of poison resistance
                                h - ring of flight

@: somewhat resistant to hostile enchantments, extremely unstealthy
A: horns 1, demonic guardian 1, spiny 2
a: Depart the Abyss, Bend Space, Banish, Corrupt, Renounce Religion, Evoke
Flight


You were on level 7 of the Dungeon.
You worshipped Lugonu.
Lugonu was greatly pleased with you.
You were not hungry.

You visited 1 branch of the dungeon, and saw 7 of its levels.
You visited the Abyss 1 time.
You also visited: Ossuary.

You collected 282 gold pieces.
You spent 117 gold pieces at shops.

Inventory:

Hand Weapons
 a - a +2 mace (weapon)
 o - a +4 arbalest
 y - a +1 mace of holy wrath
Armour
 u - a +3 chain mail of magic resistance (worn)
Jewellery
 h - a ring of flight (left hand)
 i - a cursed amulet of inaccuracy (around neck)
 m - a ring of poison resistance (right hand)
 p - an uncursed amulet of rage {unknown}
Wands
 b - a wand of disintegration (14/24)
 k - a wand of polymorph (16/24)
Scrolls
 e - 5 scrolls of blinking
 g - 2 scrolls of fear
 q - 2 scrolls of teleportation
 w - a scroll of immolation
Potions
 n - a potion of cancellation {unknown}
 r - 2 potions of curing {unknown}
 s - 3 potions of ambrosia
 t - a potion of flight {unknown}
 z - a potion of brilliance
 A - 2 potions of haste {unknown}
 B - a potion of lignification {unknown}
 C - a potion of degeneration {unknown}
Books
 v - a book of Fire

   Spells                             Type                      Level
   a - Ignite Poison                  Fire/Transmutation/Poison    3
   b - Fireball                       Conjuration/Fire             5
   c - Bolt of Fire                   Conjuration/Fire             6
   d - Delayed Fireball               Conjuration/Fire             7
   e - Ring of Flames                 Charms/Fire                  7
 x - a book of Ice

   Spells                             Type                      Level
   a - Ice Form                       Ice/Transmutation            4
   b - Metabolic Englaciation         Hexes/Ice                    5
   c - Ozocubu's Refrigeration        Ice                          6
   d - Bolt of Cold                   Conjuration/Ice              6
   e - Freezing Cloud                 Conjuration/Ice/Air          6
   f - Simulacrum                     Ice/Necromancy               6
Comestibles
 c - 3 bread rations
 f - 3 slices of pizza
 j - 3 fruits
 l - 3 meat rations


   Skills:
 + Level 5.8 Fighting
 + Level 6.1 Maces & Flails
 + Level 4.0 Armour
 - Level 0.8 Dodging
 + Level 7.0 Invocations


You had 7 spell levels left.
You didn't know any spells.

Dungeon Overview and Level Annotations

Branches:
Dungeon (7/15)             Temple (0/1) D:4

Altars:
Dithmenos
Kikubaaqudgha
Nemelex Xobeh
Sif Muna
Zin

Shops:
D:4 [

Annotations:
D:6 nublet's ghost, novice MiGl


Innate Abilities, Weirdness & Mutations

You have a pair of small horns on your head.
A weak demonic guardian rushes to your aid.
You are mostly covered in sharp spines.


Message History

The orc warrior hits you with a scimitar.
* * * LOW HITPOINT WARNING * * *
Drink which item? (? for menu, Esc to quit)
You feel much better.
The orc warrior is struck by your spines.
The orc warrior hits you with a scimitar.
You barely miss the orc warrior.
The orc warrior is almost dead.
The orc warrior hits you with a scimitar!
You barely miss the orc warrior.
The orc warrior is almost dead.
The orc warrior barely misses you.
You closely miss the orc warrior.
The orc warrior is almost dead.
The orc warrior hits you with a scimitar!
* * * LOW HITPOINT WARNING * * *
You miss the orc warrior.
The orc warrior is almost dead.
The orc warrior hits you with a scimitar!
You die...

# #. #. #.# ##. #.####
...###### #.##..
........ # #.##.#
#.#.#.## #.#.##.#
.......####.#.##.###.#
#.#.#<#.........o†...#
.......####.#.##@#####
#.#.#.#####.#.##.......#
............#.##########
#.#.#.#######.#
..............#
###############


You could see an orc warrior.

Vanquished Creatures
  The ghost of PinkishYellow the Poker, an amateur MfGl (D:4)
  Grinder (D:3)
  A phantom (D:4)
  An ogre (D:5)
  A water moccasin zombie (Ossuary)
  2 crimson imps
  A centaur skeleton (D:4)
  2 hounds (D:6)
  2 orc priests
  3 orc wizards
  An iguana (D:4)
  2 worker ants (D:4)
  3 big kobold zombies (Ossuary)
  A hound skeleton (D:4)
  2 mummies (Ossuary)
  A worker ant zombie (D:6)
  3 gnolls (D:3)
  9 adders
  A shadow imp (D:6)
  An ooze (D:5)
  An adder skeleton (D:4)
  6 worms
  4 giant geckos
  12 orcs
  3 ball pythons
  2 giant cockroaches
  12 goblins
  6 hobgoblins
  5 jackals
  2 quokkas
  A ball python skeleton (D:5)
  10 bats
  A giant gecko skeleton (D:4)
  3 giant newts
  2 gnoll zombies (Ossuary)
  A goblin zombie (D:5)
  8 hobgoblin zombies (Ossuary)
  A jackal skeleton (D:4)
  A jackal zombie (D:5)
  7 kobolds
  8 kobold zombies
  5 orc zombies (Ossuary)
  6 rats
146 creatures vanquished.

Vanquished Creatures (collateral kills)
  Prince Ribbit (D:5)
1 creature vanquished.

Grand Total: 147 creatures vanquished

Notes
Turn   | Place    | Note
--------------------------------------------------------------
     0 | Abyss:1  | Ijustatesigmund the Demonspawn Abyssal Knight began the quest for the Orb.
     0 | Abyss:1  | Reached XP level 1. HP: 18/18 MP: 2/2
     3 | Abyss:1  | Found a corrupted altar of Lugonu.
    35 | D:1      | Escaped the Abyss
   262 | D:1      | Gained mutation: You have a pair of small horns on your head. [demonic ancestry]
   262 | D:1      | Reached XP level 2. HP: 21/24 MP: 3/3
   766 | D:1      | Reached ** piety under Lugonu
  1282 | D:2      | Gained mutation: A weak demonic guardian rushes to your aid. [demonic ancestry]
  1282 | D:2      | Reached XP level 3. HP: 15/29 MP: 4/4
  1451 | D:2      | HP: 1/29 [poisoned by an adder]
  2246 | D:2      | Found a deep blue altar of Sif Muna.
  2288 | D:2      | Gained mutation: You are partially covered in sharp spines. [demonic ancestry]
  2288 | D:2      | Reached XP level 4. HP: 25/35 MP: 5/5
  2631 | D:3      | Reached skill level 4 in Maces & Flails
  2664 | D:3      | Found a shadowy altar of Dithmenos.
  2813 | D:3      | Noticed Grinder
  2819 | D:3      | Killed Grinder
  2819 | D:3      | Reached *** piety under Lugonu
  2819 | D:3      | Gained mutation: You are mostly covered in sharp spines. [demonic ancestry]
  2819 | D:3      | Reached XP level 5. HP: 10/42 MP: 6/8
  3217 | D:3      | Reached XP level 6. HP: 48/48 MP: 9/9
  3634 | D:4      | Found Voafutir's Antique Armour Shoppe.
  3644 | D:4      | Bought a glowing chain mail for 117 gold pieces
  3676 | D:4      | Reached skill level 5 in Maces & Flails
  3933 | D:4      | Found a staircase to the Ecumenical Temple.
  3939 | D:4      | Reached skill level 5 in Invocations
  3945 | D:4      | Noticed PinkishYellow's ghost (amateur MfGl)
  3956 | D:4      | Killed PinkishYellow's ghost
  3956 | D:4      | Reached XP level 7. HP: 14/55 MP: 9/11
  4364 | D:4      | Found a glowing silver altar of Zin.
  4526 | D:4      | Reached skill level 5 in Fighting
  4605 | D:5      | Entered Level 5 of the Dungeon
  4849 | D:5      | Noticed Prince Ribbit
  4854 | D:5      | Killed Prince Ribbit
  4854 | D:5      | Reached skill level 6 in Invocations
  4909 | D:5      | Found a sand-covered staircase.
  4920 | Ossuary  | Entered an ossuary
  4960 | Ossuary  | Reached **** piety under Lugonu
  5005 | Ossuary  | Reached XP level 8. HP: 56/62 MP: 12/12
  5271 | D:5      | Found a sparkling altar of Nemelex Xobeh.
  5613 | D:6      | Noticed nublet's ghost (novice MiGl)
  5984 | D:6      | Found an ancient bone altar of Kikubaaqudgha.
  6086 | D:7      | Reached skill level 7 in Invocations
  6102 | D:7      | Slain by an orc warrior

Vault maps used:
D:1:      denvon_arrival_planthouse, minmay_misc_feat_alley, st_stairs_14
D:2:      led_sif_pool, minmay_misc_feat_secret_circle
D:3:      nicolae_overflow_hidden_temple, lemuel_crystal_altar, uniq_grinder
D:4:      marbit_many_paths, minmay_temple_entry_purple_smoke,
          serial_corexii_hall, corexii_hall_statues_x,
          corexii_hall_statues_deadend, serial_shops, nicolae_shop_crystal
D:5:      first_bread, enter_ossuary_3, nemelex_dance_club_becter,
          uniq_prince_ribbit1
D:6:      lemuel_crystal_altar
D:7:      grunt_temple_overflow_open, grunt_ogre_cave, st_stairs_8
Ossuary:  ossuary_tomb_2

Action                   |  1- 3 |  4- 6 |  7- 9 || total
-------------------------+-------+-------+-------++-------
Melee: Mace              |   152 |    78 |   129 ||   359
  Use: Scroll            |     6 |     2 |     6 ||    14
       Potion            |       |     1 |     1 ||     2
 Stab: Distracted        |       |     1 |       ||     1
       Sleeping          |       |     1 |       ||     1
  Eat: Chunk             |     3 |     5 |     4 ||    12
       Fruit             |     2 |       |     4 ||     6
       Beef jerky        |       |       |     1 ||     1
